 Dungeon Crawl Stone Soup version 0.18.1-1-g2f07953 (webtiles) character file.

43 Ellandar the Caller (level 3, -7/19 HPs)
             Began as a Gargoyle Summoner on Aug 10, 2016.
             Mangled by Robin
             ... wielding a +0 trident of piercing
              (9 damage)
             ... on level 3 of the Dungeon.
             The game lasted 00:24:00 (1960 turns).

Ellandar the Caller (Gargoyle Summoner)             Turns: 1960, Time: 00:24:01

Health: -7/19      AC:  7    Str: 11    XL:     3   Next: 58%
Magic:  2/7        EV: 12    Int: 16    God:
Gold:   117        SH:  0    Dex: 10    Spells: 2 memorised, 5 levels left

rFire  . . .     SeeInvis .     (no weapon)
rCold  . . .     Gourm    .     a - +0 robe
rNeg   + . .     Faith    .     (no shield)
rPois  ∞         Spirit   .     e - +0 helmet
rElec  +         Dismiss  .     i - +0 cloak
rCorr  .         Reflect  .     (no gloves)
SustAt .         Harm     .     (no boots)
MR     .....                    (no amulet)
Stlth  ++........               (no ring)
                                (no ring)

@: very slightly contaminated, not resistant to hostile enchantments, unstealthy
A: negative energy resistance 1, electricity resistance, unbreathing,
petrification resistance, rot immunity, AC +3
a: no special abilities


You were on level 3 of the Dungeon.
You were hungry.

You visited 1 branch of the dungeon, and saw 3 of its levels.

You collected 117 gold pieces.

Inventory:

Armour
 a - a +0 robe (worn)
 e - a +0 helmet (worn)
 i - a +0 cloak (worn)
Scrolls
 d - a scroll of amnesia
 f - 3 scrolls of identify
 j - 4 scrolls of remove curse
 l - a scroll of teleportation
Potions
 h - a potion of cancellation
 k - a potion of lignification
Books
 b - a book of Callings

   Spells                             Type                      Level
   a - Summon Small Mammal            Summoning                    1
   b - Call Imp                       Summoning                    2
   c - Call Canine Familiar           Summoning                    3
   d - Summon Guardian Golem          Hexes/Summoning              3
   e - Summon Lightning Spire         Summoning/Air                4
   f - Summon Ice Beast               Ice/Summoning                4
Comestibles
 c - 2 bread rations
 g - a meat ration
 m - a beef jerky


   Skills:
 - Level 1.5 Dodging
 - Level 2.1 Stealth
 * Level 3.0 Spellcasting
 + Level 4.1 Summonings


You had 5 spell levels left.
You knew the following spells:

 Your Spells              Type           Power        Failure   Level  Hunger
a - Summon Small Mammal   Summ           ###.         4%          1    #......
b - Call Imp              Summ           ###.....     8%          2    ##.....


Dungeon Overview and Level Annotations

Branches:
Dungeon (3/15)

Altars:
Vehumet

Annotations:
D:3 Robin


Innate Abilities, Weirdness & Mutations

You are resistant to torment.
Your stone body is resilient (AC +3).
You are immune to poison.
You resist negative energy.
You are resistant to electric shocks.
You can survive without breathing.
You are immune to petrification.
You are immune to rotting.


Message History

Your white imp disappears in a puff of smoke!
Something hits your crimson imp. What do you say? t - Shout!
Orders for allies: a - Attack new target. p - Attack previous target. r - Retreat! s - Stop attacking. w - Wait here. f - Follow me.
Anything else - Stay silent.
Gang up on whom?
Press: ? - help, Dir - move target cursor, f/p - Robin
Aim: Robin, wielding a trident of piercing, wearing an animal skin and wearing a helmet (severely wounded) Attack!
Your crimson imp blinks!
Your crimson imp barely misses Robin.
Robin says, "My goblins will feast on your bones."
Robin throws the goblin at you!
Your shadow imp hits Robin.
Unknown command.
The goblin closely misses you.
Your crimson imp barely misses Robin.
Robin hits you from afar with a trident of piercing!
You die...

#................#
.................#
...............g.#
...............(5#
.##..)......g.#)##
###..).####g#
#...)####g#
###....##.5)#
#.....@##)###
...#..g.5g5#
####.)...##
#.#...# #....%.
...5.#.#
.....#..>#
##...##### ....


You could see Robin, a goblin, 2 friendly crimson imps and a friendly shadow
imp.

Vanquished Creatures
  A giant gecko (D:1)
  2 giant cockroaches (D:1)
  2 goblins (D:3)
  A hobgoblin (D:1)
  A jackal (D:2)
  A kobold (D:1)
  3 bats
  A rat (D:1)
12 creatures vanquished.

Vanquished Creatures (collateral kills)
  A worm (D:2)
  4 bats
  A giant cockroach (D:3)
  7 hobgoblins
  5 jackals
  4 kobolds (D:1)
  A quokka (D:2)
  13 goblins
  3 rats
39 creatures vanquished.

Grand Total: 51 creatures vanquished

Notes
Turn   | Place    | Note
--------------------------------------------------------------
     0 | D:1      | Ellandar the Gargoyle Summoner began the quest for the Orb.
     0 | D:1      | Reached XP level 1. HP: 10/10 MP: 3/3
   426 | D:1      | Reached XP level 2. HP: 10/15 MP: 1/5
   430 | D:1      | Learned a level 2 spell: Call Imp
  1217 | D:2      | Reached skill level 4 in Summonings
  1357 | D:2      | Reached XP level 3. HP: 13/19 MP: 1/6
  1862 | D:3      | Found a radiant altar of Vehumet.
  1915 | D:3      | Noticed Robin
  1960 | D:3      | Mangled by Robin

Skill      XL: |  1  2  3 |
---------------+----------+-----
Summonings     | 4 |  4.1
Spellcasting   | 3 |  3.0
Dodging        | |  1.5
Stealth        | |  2.1

Action                   || total
-------------------------++-------
Melee: Unarmed           ||   114
 Cast: Summon Small Mamm ||    18
       Call Imp          ||    30
  Use: Scroll            ||     6
       Potion            ||     1
 Stab: Distracted        ||     2
       Sleeping          ||     1
  Eat: Chunk             ||     5
Armor: Robe              ||    70
Dodge: Dodged            ||   109
